 Dungeon Crawl Stone Soup version 0.29-a0-1006-g0dd7720b37 (webtiles) character file.

Game seed: 17381641439441081817

15582 Asher535 the Severer (level 12, 0/110 HPs)
             Began as a Hill Orc Fighter on Aug 6, 2022.
             Was a High Priest of Makhleb.
             Slain by a manticore (5 damage)
             ... on level 2 of the Lair of Beasts.
             The game lasted 00:41:59 (15236 turns).

Asher535 the Severer (Hill Orc Fighter)            Turns: 15236, Time: 00:41:59

Health: 0/110      AC: 19    Str: 22    XL:     12   Next: 28%
Magic:  12/12      EV:  8    Int:  8    God:    Makhleb [*****.]
Gold:   496        SH:  7    Dex: 18    Spells: 11/11 levels left

rFire   . . .      SeeInvis .   a - +0 war axe
rCold   . . .      Faith    +   c - +0 buckler
rNeg    . . .      Spirit   .   V - +0 chain mail
rPois   +          Reflect  .   (no helmet)
rElec   .          Harm     .   e - +1 cloak
rCorr   .          Rampage  .   v - +1 pair of gloves
Will    .....                   x - +1 pair of boots
Stlth   ..........              H - amulet of faith
HPRegen 0.28/turn               h - +6 ring of dexterity
MPRegen 0.13/turn               G - ring of poison resistance

@: hasted, very quick
A: sense surroundings 1
a: Renounce Religion, Minor Destruction, Lesser Servant of Makhleb, Major
Destruction, Greater Servant of Makhleb


You were on level 2 of the Lair of Beasts.
You worshipped Makhleb.
Makhleb was extremely pleased with you.
You visited 3 branches of the dungeon, and saw 14 of its levels.
You also visited: Sewer.

You collected 496 gold pieces.

Inventory:

Hand Weapons
 a - a +0 war axe (weapon)
 J - a +0 spear of flaming
 L - a +2 vampiric trident
 P - a +2 halberd of freezing
 Q - a +4 long sword of freezing
 X - a +2 quarterstaff of speed
Missiles
 p - 50 poisoned darts (quivered)
 I - 5 silver javelins
Armour
 b - a +0 scale mail
 c - a +0 buckler (worn)
 e - a +1 cloak (worn)
 f - an orb of energy
 j - a +0 scale mail
 v - a +1 pair of gloves (worn)
 x - a +1 pair of boots (worn)
 V - a +0 chain mail (worn)
 Y - a +0 plate armour
Jewellery
 h - a +6 ring of dexterity (left hand)
 G - a ring of poison resistance (right hand)
 H - an amulet of faith (around neck)
 K - a ring of fire
 O - a +6 ring of strength
Wands
 A - a wand of charming (2)
 F - a wand of roots (8)
 R - a wand of flame (45)
 U - a wand of polymorph (7)
Scrolls
 m - 3 scrolls of teleportation
 n - 6 scrolls of immolation
 o - 2 scrolls of summoning {unknown}
 q - 3 scrolls of magic mapping
 r - 4 scrolls of blinking
 u - 2 scrolls of butterflies {unknown}
 y - 5 scrolls of fear {unknown}
 B - 3 scrolls of enchant weapon {unknown}
 N - a scroll of noise {unknown}
 S - a scroll of acquirement {unknown}
 T - a scroll of identify
Potions
 d - a potion of might
 g - 2 potions of ambrosia {unknown}
 i - 5 potions of haste
 k - 3 potions of invisibility {unknown}
 s - 2 potions of resistance {unknown}
 t - 8 potions of curing
 w - 2 potions of flight {unknown}
 z - a potion of magic {unknown}
 C - 5 potions of degeneration {unknown}
 D - 2 potions of attraction {unknown}
 E - 4 potions of brilliance {unknown}
 M - a potion of mutation {unknown}
 W - a potion of berserk rage {unknown}
 Z - a potion of lignification {unknown}


   Skills:
 + Level 11.2 Fighting
 - Level 16.0 Axes
 + Level 10.3 Armour
 + Level 10.4 Shields


You had 11 spell levels left.
You didn't know any spells.
Your spell library contained the following spells:

 Spells                   Type           Power      Damage    Failure   Level
 Summon Small Mammal      Summ           0%         N/A       97%         1
 Conjure Flame            Conj/Fire      0%         6-21      100%        3
 Ignite Poison            Fire/Tmut/Pois 0%         N/A       100%        3
 Portal Projectile        Hex/Tloc       0%         N/A       100%        3
 Tukima's Dance           Hex            0%         N/A       100%        3
 Sticky Flame             Conj/Fire      0%         2d3       100%        4
 Blade Hands              Tmut           0%         N/A       100%        5


Dungeon Overview and Level Annotations

Branches:
Dungeon (11/15)            Temple (1/1) D:6            Lair (2/5) D:11
    Orc (0/2) D:10          Sewer (visited)
  Swamp: Lair:2-3    Shoals: Lair:2-3     Snake: Lair:2-3    Spider: Lair:2-3

Altars:
Ashenzari
Cheibriados
Elyvilon
Gozag
Hepliaklqana
Kikubaaqudgha
Makhleb
Okawaru
Qazlal
Ru
Sif Muna
Uskayaw
Vehumet
Wu Jian
The Shining One

Annotations:
D:6 2 transporters, flestrin's ghost, novice OpVM


Innate Abilities, Weirdness & Mutations

You passively map a small area around you.


Message History

You closely miss the wolf. You slash the wolf!
The wolf bites you but does no damage. x2; The black mamba barely misses you.
You block the wolf's attack.
You hit the black mamba but do no damage.
The black mamba is moderately wounded.
You hit the wolf but do no damage. You slash the wolf!
The wolf bites you but does no damage. The black mamba bites you!
* * * LOW HITPOINT WARNING * * *
The wind drake flaps its wings at you. The air twists around and strikes you.
* * * LOW HITPOINT WARNING * * *
You block the wolf's attack. The wolf closely misses you.
You closely miss the black mamba.
The black mamba is moderately wounded.
You slash the wolf!
You kill the wolf!
Makhleb accepts your kill.
You slash the wolf!
You kill the wolf!
Makhleb accepts your kill. The black mamba bites you!
* * * LOW HITPOINT WARNING * * *
The black mamba bites you.
* * * LOW HITPOINT WARNING * * *
You feel yourself speed up. The black mamba bites you.
* * * LOW HITPOINT WARNING * * *
The manticore bites you.
* * * LOW HITPOINT WARNING * * *
You block the manticore's attack.
The manticore claws you but does no damage.
You slash the black mamba!
The black mamba is severely wounded.
You slash the manticore! You block the black mamba's attack.
You hit the black mamba but do no damage.
The black mamba is severely wounded.
You slash the manticore! You block the black mamba's attack.
The manticore barely misses you.
The manticore claws you but does no damage.
The manticore claws you.
You die...

..........# ,
,....[.....## ,,
............ ..
........#
...,.......## , . ..
#.P...P# ,
..##.##.....# ,
,......S.....#
...............#@†...#
....#.......#..H††...#
....#......##.......##
....#...............##
...............PP....#
+##.........P..P....##
...........#...PP...#
....................#
.#.#..#.##.########.#


You could see a manticore and a black mamba.

Vanquished Creatures
  A two-headed ogre (D:11)
  Pikel (D:5)
  An ugly thing (D:11)
  A manticore (D:11)
  Joseph (D:10)
  A kobold demonologist (D:11)
  A cane toad (Lair:2)
  2 komodo dragons
  A polar bear (Lair:1)
  A troll (D:10)
  A queen bee (D:9)
  A blink frog (shapeshifter) (D:11)
  Prince Ribbit (D:8)
  Sigmund (D:5)
  A spriggan (Lair:1)
  5 wyverns
  A wraith (D:11)
  A basilisk (Lair:1)
  18 yaks
  2 steam dragons
  5 vampire mosquitoes (Lair:2)
  6 water moccasins
  2 sky beasts
  7 orc warriors
  2 black bears
  2 ice beasts
  6 wolves (Lair:2)
  6 centaurs
  A phantom (D:4)
  5 kobold brigands
  5 bullfrogs
  7 scorpions
  3 necrophages
  3 wights (D:8)
  12 killer bees (D:9)
  An electric eel (D:7)
  3 howler monkeys (D:9)
  4 hounds
  4 jellies
  3 gnoll boudas
  7 orc priests
  6 iguanas
  22 orc wizards
  7 adders
  26 gnolls
  6 river rats (Sewer)
  A white imp (D:8)
  An ufetubus (D:3)
  32 orcs
  12 ball pythons
  6 endoplasms
  8 giant cockroaches
  7 goblins
  6 hobgoblins
  5 quokkas
  7 bats
  3 frilled lizards
  23 kobolds
  20 rats
  A bush (D:11)
336 creatures vanquished.

Vanquished Creatures (others)
  An ufetubus (D:7)
  A bush (D:11)
  15 fungi
  61 plants
78 creatures vanquished.

Grand Total: 414 creatures vanquished

Notes
Turn   | Place    | Note
-------+----------+-------------------------------------------
     0 | D:1      | Asher535 the Hill Orc Fighter began the quest for the Orb.
     0 | D:1      | Reached XP level 1. HP: 19/19 MP: 1/1
   191 | D:1      | Reached skill level 3 in Axes
   203 | D:1      | Reached XP level 2. HP: 27/27 MP: 2/2
   382 | D:1      | Found a faded altar of an unknown god.
  1099 | D:2      | Reached XP level 3. HP: 33/33 MP: 3/3
  1342 | D:2      | Reached skill level 4 in Axes
  1342 | D:2      | Reached XP level 4. HP: 25/40 MP: 4/4
  2029 | D:3      | Found a glowing drain.
  2042 | Sewer    | Entered a sewer
  2101 | Sewer    | Reached XP level 5. HP: 30/47 MP: 5/5
  2402 | Sewer    | Noticed a kobold brigand
  2414 | Sewer    | Killed a kobold brigand
  2415 | Sewer    | Reached skill level 5 in Axes
  2509 | Sewer    | Reached XP level 6. HP: 53/53 MP: 6/6
  2559 | Sewer    | Reached skill level 5 in Fighting
  2559 | Sewer    | Reached skill level 6 in Axes
  3375 | D:4      | Reached XP level 7. HP: 56/61 MP: 7/7
  3437 | D:4      | Found a stormy altar of Qazlal.
  3707 | D:4      | Reached skill level 5 in Shields
  3727 | D:4      | Reached skill level 7 in Axes
  3727 | D:4      | Reached skill level 5 in Armour
  4108 | D:5      | Entered Level 5 of the Dungeon
  4128 | D:5      | Noticed Pikel
  4204 | D:5      | Reached XP level 8. HP: 34/70 MP: 8/8
  4212 | D:5      | Reached skill level 8 in Axes
  4410 | D:5      | Found a glowing golden altar of the Shining One.
  4759 | D:5      | Killed Pikel
  4760 | D:5      | Reached skill level 9 in Axes
  4760 | D:5      | Reached XP level 9. HP: 39/79 MP: 9/9
  5137 | D:5      | Noticed Sigmund
  5146 | D:5      | Killed Sigmund
  5147 | D:5      | Reached skill level 10 in Axes
  5755 | D:6      | Found a staircase to the Ecumenical Temple.
  5761 | Temple   | Entered the Ecumenical Temple
  5790 | Temple   | Became a worshipper of Makhleb the Destroyer
  5852 | D:6      | Found an iron altar of Okawaru.
  6158 | D:6      | Reached * piety under Makhleb
  6241 | D:6      | Noticed flestrin's ghost (novice OpVM)
  6343 | D:6      | Found a transporter.
  6402 | D:6      | You fall into a shaft and drop 3 floors!
  6419 | D:9      | Reached skill level 11 in Axes
  6578 | D:7      | Found a white marble altar of Elyvilon.
  6738 | D:7      | Found an ornate altar of the Wu Jian Council.
  6739 | D:7      | Found an opulent altar of Gozag.
  6886 | D:6      | Reached XP level 10. HP: 83/88 MP: 10/10
  7016 | D:6      | Found a transporter.
  7628 | D:7      | Reached skill level 12 in Axes
  7636 | D:7      | Reached ** piety under Makhleb
  8176 | D:8      | Found a hazy altar of Hepliaklqana.
  8176 | D:8      | Found a hide-covered altar of Uskayaw.
  8532 | D:8      | Noticed Prince Ribbit
  8547 | D:8      | Killed Prince Ribbit
  9360 | D:9      | Reached *** piety under Makhleb
  9361 | D:9      | Reached skill level 13 in Axes
  9389 | D:9      | Found an ancient bone altar of Kikubaaqudgha.
  9437 | D:9      | Found a radiant altar of Vehumet.
  9460 | D:9      | Found a shimmering blue altar of Sif Muna.
  9467 | D:9      | Got Sif Muna's Papyrus of Companions
 10370 | D:10     | Entered Level 10 of the Dungeon
 10414 | D:10     | Reached XP level 11. HP: 71/97 MP: 11/11
 10992 | D:10     | Reached skill level 14 in Axes
 11039 | D:10     | Found a sacrificial altar of Ru.
 11079 | D:10     | Reached **** piety under Makhleb
 11235 | D:10     | Noticed Joseph
 11287 | D:10     | Killed Joseph
 11288 | D:10     | Reached skill level 10 in Fighting
 11802 | D:10     | Found a staircase to the Orcish Mines.
 12728 | D:11     | Noticed a brown ugly thing
 12757 | D:11     | Noticed a harpy
 12757 | D:11     | a rime drake changed into a harpy
 12763 | D:11     | a harpy changed into a blink frog
 13061 | D:11     | Noticed a manticore
 13071 | D:11     | Killed a manticore
 13101 | D:11     | Reached skill level 15 in Axes
 13275 | D:11     | Found a staircase to the Lair.
 13331 | D:11     | Noticed a two-headed ogre
 13359 | D:11     | Killed a two-headed ogre
 13569 | D:11     | Killed a brown ugly thing
 13962 | D:11     | Gained mutation: You passively map a small area around you.
                  | [a neqoxec]
 13970 | D:11     | Reached skill level 10 in Shields
 13970 | D:11     | Reached XP level 12. HP: 74/108 MP: 12/12
 14267 | D:11     | Noticed a seven-headed hydra
 14380 | Lair:1   | Entered Level 1 of the Lair of Beasts
 14527 | Lair:1   | Reached skill level 10 in Armour
 14838 | Lair:1   | Noticed a four-headed hydra
 14878 | Lair:2   | Reached ***** piety under Makhleb
 15073 | Lair:2   | Reached skill level 16 in Axes
 15234 | Lair:2   | HP: 5/110 [manticore (4)]
 15236 | Lair:2   | Slain by a manticore

Illustrated notes

Levels and vault maps discovered:
D:1:      spicycebolla_green_bress_n_ham, layout_basic,
          shapermc_ecumenical_altar_gd, minmay_worlds_worst_comb
D:2:      layout_loops_corners
D:3:      layout_rooms, portal_sewer_entry_d, hangedman_decor_push
D:4:      layout_loops_ring, nicolae_qazlal_scattered_showers
D:5:      layout_loops_ring, tso_oasis_becter, uniq_pikel, uniq_sigmund
D:6:      minmay_flawed_box, layout_basic, okawaru_ov_weapons_minmay,
          minmay_temple_entry_hall, gammafunk_ghost_arena
D:7:      layout_rooms, grunt_temple_overflow_open, st_stairs_13, fountainhead,
          kennysheep_generic_room_13
D:8:      layout_basic, gammafunk_temple_overflow_wave, uniq_prince_ribbit1
D:9:      layout_roguey, palyth_temple_overflow_mages,
          nicolae_looking_at_the_future
D:10:     layout_roguey, kennysheep_mini_moat, david_orc_2, glass_columns_b,
          water_maze_lemuel, uniq_joseph
D:11:     layout_long_grid, minmay_lair_entry_grove, the_hattery
Temple:   hellmonk_temple_beads
Lair:1:   layout_cave_pods
Lair:2:   layout_regular_city, minmay_shoals_entry_beasts,
          minmay_snake_entry_six_corridors, pond

Skill      XL: |  1  2  3  4  5  6  7  8  9 10 11 12 |
---------------+-------------------------------------+-----
Axes           | 3 4 5 6 7 9 11 13 15 16 | 16.0
Fighting       | 4 5 7 8 9 10 11 | 11.2
Armour         | 4 5 6 7 8 9 10 | 10.3
Shields        | 4 5 6 7 8 10 | 10.4

Action                   |  1- 3 |  4- 6 |  7- 9 | 10-12 || total
-------------------------+-------+-------+-------+-------++-------
Melee: War axe           |    51 |   180 |   348 |   748 ||  1327
Throw: Dart              |       |       |     4 |     4 ||     8
  Use: Scroll            |       |     4 |     6 |     5 ||    15
       Potion            |       |       |     3 |     6 ||     9
Armor: Scale mail        |    17 |    87 |   186 |    82 ||   372
       Chain mail        |       |       |       |   231 ||   231
Dodge: Dodged            |    18 |    74 |   132 |   181 ||   405
Block: Buckler           |    12 |    48 |   105 |   177 ||   342

Table legend: (Time is in decaauts)
 A = Elapsed time spent in this place.
 B = Non-inter-level travel time spent in this place.
 C = Inter-level travel time spent in this place.
 D = Time resting spent in this place.
 E = Time spent auto-exploring this place.
 F = Levels seen in this place.
 G = Mean time per level.
                   A        B        C        D        E       F      G
               +--------+--------+--------+--------+--------+-----+--------+
         Total |  15220 |  14916 |    304 |   4558 |   4493 |  15 | 1014.7 |
       Dungeon |  13331 |  13027 |    304 |   3978 |   4251 |  11 | 1211.9 |
        Temple |     54 |     54 |      0 |      0 |     23 |   1 |   54.0 |
          Lair |    826 |    826 |      0 |    320 |      0 |   2 |  413.0 |
         Sewer |   1007 |   1007 |      0 |    260 |    219 |   1 | 1007.0 |
               +--------+--------+--------+--------+--------+-----+--------+

Top non-repeatable levels by time:
    D:10: 2191 daAuts
    D:11: 1744 daAuts
     D:8: 1513 daAuts
     D:5: 1435 daAuts
     D:9: 1175 daAuts
     D:6: 1079 daAuts
     D:2: 1056 daAuts
   Sewer: 1007 daAuts
     D:7: 936 daAuts
     D:4: 918 daAuts
     D:1: 706 daAuts
     D:3: 573 daAuts
  Lair:1: 464 daAuts
  Lair:2: 362 daAuts
  Temple: 54 daAuts
